 Dungeon Crawl Stone Soup version 0.30-a0-168-g0b976cbdc4 (webtiles) character file.

Game seed: 12398319662907947225

403 LnG the Sneak (level 7, -2/38 HPs)
             Began as a Kobold Summoner on Sept 29, 2022.
             Was an Initiate of Yredelemnul.
             Shot with an arrow by a centaur (11 damage)
             ... on level 5 of the Dungeon.
             The game lasted 00:13:34 (5359 turns).

LnG the Sneak (Kobold Summoner)                     Turns: 5359, Time: 00:13:37

Health: -2/38      AC:  3    Str:  5    XL:     7   Next: 11%
Magic:  11/11      EV: 16    Int: 18    God:    Yredelemnul [......]
Gold:   163        SH:  0    Dex: 22    Spells: 3/12 levels left

rFire   . . .      SeeInvis .    e - +0 dagger
rCold   . . .      Faith    .    (no shield)
rNeg    . . .      Spirit   .    a - +0 robe
rPois   .          Reflect  .    n - +0 helmet
rElec   .          Harm     .    (no cloak)
rCorr   .          Rampage  .    (no gloves)
Will    .....                    (no boots)
Stlth   +++++.....               (no amulet)
HPRegen 0.12/turn                j - +6 ring of dexterity
MPRegen 0.12/turn                (no ring)

@: no status effects
A: small, no large weapons, nightstalker 3
a: Renounce Religion, Recall Undead Harvest


You were on level 5 of the Dungeon.
You worshipped Yredelemnul.
Yredelemnul was noncommittal.
You visited 1 branch of the dungeon, and saw 5 of its levels.

You collected 163 gold pieces.

Inventory:

Hand Weapons
 e - a +0 dagger (weapon)
Armour
 a - a +0 robe (worn)
 n - a +0 helmet (worn)
Jewellery
 j - a +6 ring of dexterity (left hand)
Wands
 i - a wand of quicksilver (7)
Scrolls
 d - 4 scrolls of teleportation
 k - a scroll of poison
 m - 2 scrolls of immolation
 o - a scroll of amnesia
 p - a scroll of fog
Potions
 b - 2 potions of magic
 h - a potion of heal wounds {unknown}
 l - a potion of haste {unknown}


   Skills:
 + Level 1.2 Fighting
 + Level 3.7 Short Blades
 + Level 3.3 Dodging
 + Level 5.8 Stealth
 + Level 3.3 Spellcasting
 + Level 5.1 Summonings


You had 3 spell levels left.
You knew the following spells:

 Your Spells              Type           Power      Damage    Failure   Level
a - Summon Small Mammal   Summ           84%        N/A       1%          1
b - Call Imp              Summ           21%        N/A       2%          2
c - Call Canine Familiar  Summ           21%        N/A       5%          3
d - Summon Guardian Gole  Hex/Summ       12%        N/A       16%         3

Your spell library contained the following spells:

 Spells                   Type           Power      Damage    Failure   Level
 Summon Lightning Spire   Summ/Air       12%        N/A       47%         4


Dungeon Overview and Level Annotations

Branches:
Dungeon (5/15)
 Temple: D:4-7

Altars:
Ru
Uskayaw
Yredelemnul

Shops:
D:4 :

Annotations:
D:4 1 runed translucent door, Darkkill's ghost, amateur TeHu; Ijyb


Innate Abilities, Weirdness & Mutations

You are small and have problems with some larger weapons.
You are completely attuned to the shadows.


Message History

Things that are here:
a +0 short sword; 3 stones; a +0 buckler
There is a stone staircase leading down here.
You climb downwards.
There is a stone staircase leading up here.
A hound comes into view.
Found 15 gold pieces.
The helpless water moccasin fails to defend itself.
You impale the water moccasin!!
You kill the water moccasin!
You have reached level 7!
The centaur shouts!
You hear a bark!
The centaur wields a +0 shortbow.
The centaur shoots an arrow.
The arrow hits you!
You hear an angry hiss.
The centaur shoots an arrow.
The arrow misses you.
The centaur shoots an arrow.
The arrow closely misses you.
An ice beast comes into view.
The centaur unwields a +0 shortbow.
The centaur hits you. The centaur closely misses you.
You hit the centaur.
The centaur is lightly wounded.
The centaur barely misses you. The centaur closely misses you.
A scorpion comes into view.
The centaur attacks as you move away! The centaur barely misses you.
The centaur closely misses you.
An adder comes into view.
The centaur hits you. The centaur closely misses you.
The centaur attacks as you move away! The centaur completely misses you.
The centaur misses you.
The centaur wields a +0 shortbow.
The centaur shoots an arrow.
The arrow hits you.
The centaur shoots an arrow.
The arrow hits you.
There is a stone staircase leading up here.
The centaur shoots an arrow.
The arrow hits you! The hound bites you.
* * * LOW HITPOINT WARNING * * *
The adder bites you.
* * * LOW HITPOINT WARNING * * *
The centaur shoots an arrow.
The arrow hits you!
You die...
Your body rises from the dead as a mindless zombie.

#### ##.#
.....##......
.....##......
#.....Y.....
# #..@.s.....
..#..Sh.c..#
...#.#.###.#
.......# ..
.....### .
..##.. #.
#.## ..h


You could see an ice beast, a centaur, a scorpion, a hound and an adder.

Vanquished Creatures
  A water moccasin (D:5)
  2 adders
  A worm (D:2)
  3 dart slugs
  4 ball pythons
  2 bats
  10 endoplasms
  4 giant cockroaches
  2 hobgoblins
  6 jackals (D:3)
  2 quokkas (D:1)
  3 frilled lizards
  7 goblins
  3 kobolds
  3 rats (D:1)
53 creatures vanquished.

Vanquished Creatures (collateral kills)
  A scorpion (D:4)
  Natasha (thrice) (D:3)
  Robin (D:3)
  3 gnolls (D:2)
  An adder (D:4)
  A dart slug (D:4)
  A worm (D:3)
  A hobgoblin (D:3)
  A jackal (D:3)
  A quokka (D:4)
  7 goblins
  A kobold (D:4)
22 creatures vanquished.

Vanquished Creatures (others)
  2 hobgoblins (D:4)
  3 fungi (D:2)
  2 plants (D:2)
7 creatures vanquished.

Grand Total: 82 creatures vanquished

Notes
Turn   | Place    | Note
-------+----------+-------------------------------------------
     0 | D:1      | LnG the Kobold Summoner began the quest for the Orb.
     0 | D:1      | Reached XP level 1. HP: 10/10 MP: 3/3
   245 | D:1      | Reached XP level 2. HP: 12/15 MP: 1/5
   290 | D:1      | Learned a level 2 spell: Call Imp
   988 | D:1      | Reached skill level 1 in Short Blades
  1413 | D:2      | Reached XP level 3. HP: 16/19 MP: 6/6
  1417 | D:2      | Learned a level 3 spell: Call Canine Familiar
  1680 | D:2      | Found a faded altar of an unknown god.
  1989 | D:2      | Reached XP level 4. HP: 7/24 MP: 3/7
  2661 | D:3      | Noticed Robin
  2957 | D:3      | Noticed Natasha
  2965 | D:3      | Killed Natasha
  2966 | D:3      | Reached XP level 5. HP: 8/28 MP: 4/8
  3117 | D:3      | Noticed Natasha
  3122 | D:3      | Killed Natasha
  3123 | D:3      | Reached skill level 5 in Stealth
  3387 | D:3      | Noticed Natasha
  3910 | D:3      | Killed Natasha
  3961 | D:3      | Killed Robin
  3968 | D:3      | Reached XP level 6. HP: 28/33 MP: 8/10
  4347 | D:4      | Found a runed translucent door.
  4348 | D:4      | Noticed Darkkill's ghost (amateur TeHu)
  4387 | D:4      | Reached skill level 1 in Fighting
  4387 | D:4      | Reached skill level 5 in Summonings
  4788 | D:4      | Noticed Ijyb
  4987 | D:4      | Learned a level 3 spell: Summon Guardian Golem
  5013 | D:4      | Found a hide-covered altar of Uskayaw.
  5021 | D:4      | Found a sacrificial altar of Ru.
  5021 | D:4      | Found a basalt altar of Yredelemnul.
  5026 | D:4      | Became a worshipper of Yredelemnul the Dark
  5110 | D:4      | Found Naowuam's Book Shoppe.
  5346 | D:5      | Entered Level 5 of the Dungeon
  5346 | D:5      | Noticed a water moccasin
  5350 | D:5      | Killed a water moccasin
  5351 | D:5      | Reached XP level 7. HP: 37/38 MP: 11/11
  5359 | D:5      | Shot with an arrow by a centaur

Illustrated notes

Levels and vault maps discovered:
D:1:      scummos_arrival_simple_fountains, layout_basic, st_stairs_5
D:2:      layout_basic, dreamdust_ecumenical_altar_grove, minmay_tetromino_l2
D:3:      layout_basic, uniq_natasha, uniq_robin
D:4:      layout_rooms, hellmonk_okawaru_the_only_friend_you_need,
          gammafunk_temple_overflow_forgotten, ebering_ghost_inner_flame,
          serial_shops, nicolae_inconvenience_store, grunt_ministairs_13,
          uniq_ijyb
D:5:      layout_rooms, makhleb_altar_promises_db,
          minmay_temple_entry_offerings, gammafunk_ghost_smash

Skill      XL: |  1  2  3  4  5  6 |
---------------+-------------------+-----
Short Blades   | 1 2 3 |  3.7
Stealth        | 3 4 5 |  5.8
Dodging        | 3 |  3.3
Fighting       | 1 |  1.2
Summonings     | 5 |  5.1
Spellcasting   | 3 |  3.3

Action                   |  1- 3 |  4- 6 |  7- 9 || total
-------------------------+-------+-------+-------++-------
Melee: Short sword       |    28 |       |       ||    28
       Unarmed           |    10 |       |       ||    10
       Dagger            |    36 |   108 |     1 ||   145
       Punch             |       |     1 |       ||     1
 Cast: Summon Small Mamm |     1 |       |       ||     1
       Call Canine Famil |     1 |    12 |       ||    13
       Call Imp          |     1 |     6 |       ||     7
  Use: Scroll            |     2 |     5 |       ||     7
       Potion            |       |     3 |       ||     3
 Stab: Sleeping          |    15 |    17 |       ||    32
       Distracted        |     1 |     1 |       ||     2
Armor: Robe              |    17 |    10 |       ||    27
Dodge: Dodged            |    52 |    88 |    10 ||   150

Table legend: (Time is in decaauts)
 A = Elapsed time spent in this place.
 B = Non-inter-level travel time spent in this place.
 C = Inter-level travel time spent in this place.
 D = Time resting spent in this place.
 E = Time spent auto-exploring this place.
 F = Levels seen in this place.
 G = Mean time per level.
                   A        B        C        D        E       F      G
               +--------+--------+--------+--------+--------+-----+--------+
         Total |   5347 |   5161 |    186 |   1603 |   2874 |   5 | 1069.4 |
       Dungeon |   5347 |   5161 |    186 |   1603 |   2874 |   5 | 1069.4 |
               +--------+--------+--------+--------+--------+-----+--------+

Top non-repeatable levels by time:
     D:3: 1531 daAuts
     D:2: 1459 daAuts
     D:1: 1305 daAuts
     D:4: 1038 daAuts
     D:5: 12 daAuts
